 Dungeon Crawl Stone Soup version 0.30-a0-304-gdc4b735fe1 (webtiles) character file.

Game seed: 3278266536429175774

1944 MrRokkomies the Ruffian (level 8, -2/75 HPs)
             Began as an Armataur Gladiator on Oct 20, 2022.
             Was a Follower of Lugonu.
             Slain by a hornet (14 damage)
             ... on level 7 of the Dungeon.
             The game lasted 00:16:41 (6210 turns).

MrRokkomies the Ruffian (Armataur Gladiator)        Turns: 6210, Time: 00:16:41

Health: -2/75      AC:  9    Str: 21    XL:     8   Next: 98%
Magic:  10/10      EV:  9    Int: 10    God:    Lugonu [*.....]
Gold:   333        SH:  0    Dex: 17    Spells: 7/7 levels left

rFire   . . .      SeeInvis .      - Unarmed
rCold   . . .      Faith    .    (no shield)
rNeg    . . .      Spirit   .    f - +0 ring mail
rPois   .          Reflect  .    b - +0 helmet
rElec   .          Harm     .    x - +0 cloak
rCorr   .          Roll     +    u - +0 pair of gloves
Will    .....                    (no barding)
Stlth   +.........               (no amulet)
HPRegen 0.32/turn                C - +6 ring of dexterity
MPRegen 0.12/turn                (no ring)

@: lethally poisoned (-2 -> -7), slowed, very slow
A: large, rugged brown scales 3, deformed body, armoured tail, roll, long
tongue, awkward tongue
a: Renounce Religion, Depart the Abyss


You were on level 7 of the Dungeon.
You worshipped Lugonu.
Lugonu was aware of your devotion.
You visited 2 branches of the dungeon, and saw 9 of its levels.

You collected 333 gold pieces.

Inventory:

Missiles
 c - 3 throwing nets
 d - a javelin
 s - 5 boomerangs (quivered)
Armour
 a - a +0 leather armour
 b - a +0 helmet (worn)
 f - a +0 ring mail (worn)
 n - a +0 hat
 u - a +0 pair of gloves (worn)
 x - a +0 cloak (worn)
Jewellery
 C - a +6 ring of dexterity (left hand)
Wands
 h - a wand of flame (13)
 k - a wand of acid (10)
Scrolls
 e - a scroll of teleportation
 l - a scroll of enchant armour {unknown}
 m - a scroll of immolation
 t - a scroll of magic mapping {unknown}
 w - a scroll of silence
 y - a scroll of butterflies
Potions
 g - 2 potions of heal wounds
 i - a potion of lignification {unknown}
 o - a potion of flight {unknown}
 p - 2 potions of invisibility {unknown}
 q - a potion of curing
 r - 3 potions of brilliance
 v - 2 potions of mutation {unknown}
 z - 2 potions of attraction {unknown}


   Skills:
 * Level 6.5 Fighting
 + Level 4.5 Throwing
 - Level 3.4 Armour
 - Level 2.1 Dodging
 * Level 6.7 Unarmed Combat
 + Level 3.0 Invocations


You had 7 spell levels left.
You didn't know any spells.
Your spell library contained the following spells:

 Spells                   Type           Power      Damage    Failure   Level
 Magic Dart               Conj           0%         1d3       52%         1
 Call Imp                 Summ           0%         N/A       67%         2
 Ensorcelled Hibernation  Hex/Ice        0%         N/A       67%         2
 Mephitic Cloud           Conj/Pois/Air  0%         N/A       88%         3
 Orb of Destruction       Conj           0%         9d5       100%        7


Dungeon Overview and Level Annotations

Branches:
Dungeon (8/15)             Temple (1/1) D:5
   Lair: D:8-11

Altars:
Ashenzari
Cheibriados
Elyvilon
Fedhas
Gozag
Hepliaklqana
Kikubaaqudgha
Nemelex Xobeh
Okawaru
Qazlal
Ru
Sif Muna
Trog
Uskayaw
Vehumet
Wu Jian
Xom
Yredelemnul
Zin
The Shining One
Lugonu

Shops:
D:4 (   D:7 [

Portals:
Abyss: D:6


Innate Abilities, Weirdness & Mutations

You are completely covered in rugged brown scales. (AC +3, +7% HP)
Armour fits poorly on your strangely shaped body.
You have a long armoured tail.
You roll when moving toward enemies. (Rampage)
Your long tongue fully drains potion bottles. (2x potion effects)
Your tongue gives you trouble enunciating. (1.5x scroll delay)


Message History

You miss the hornet.
Your tail-slap misses the hornet.
You feel yourself speed up.
You feel sick. The hornet stings you!
You are more poisoned.
You feel yourself slow down. The hornet stings you!
You feel as though you will be slow longer.
You hit the hornet but do no damage.
You feel yourself speed up.
You feel very sick. The hornet barely misses you. x2
You hit the hornet but do no damage.
You feel sick. The hornet stings you!
You feel yourself slow down.
You slurp down every last drop of the 2 potions of curing!
You feel better. The hornet stings you.
You are poisoned.
You feel as though you will be slow longer.
The hornet closely misses you. The hornet stings you.
You are more poisoned.
You feel as though you will be slow longer.
You barely miss the hornet. You tail-slap the hornet.
The hornet is lightly wounded.
You feel extremely sick. The hornet barely misses you.
The hornet stings you but does no damage.
You barely miss the hornet.
The hornet is lightly wounded.
You feel very sick. The hornet stings you.
* * * LOW HITPOINT WARNING * * *
You feel as though you will be slow longer.
You closely miss the hornet.
You tail-slap the hornet, but do no damage.
The hornet is lightly wounded.
You feel very sick. The hornet barely misses you. x2
You hit the hornet but do no damage.
The hornet is lightly wounded.
You feel very sick. The hornet closely misses you. The hornet stings you!
You die...

##### #####.... ###........
########).....)...
#@y......PP...)...
#)######.P\P.#.... #.#
#....P.P.#....
######.###..).....#####
#####....#...........##
###........#.###........#
##.#.#.#.#...............##
#..............[..........##
##.##'##.#.................#


You could see a hornet.

Vanquished Creatures
  Sigmund (D:3)
  4 yaks (D:8)
  2 dancing weapons (D:6)
  An ice beast (D:7)
  An ogre (D:4)
  A centaur (D:6)
  A kobold brigand (D:7)
  A bullfrog (D:8)
  A gnoll sergeant (D:8)
  2 necrophages
  A scorpion (D:7)
  3 howler monkeys (D:7)
  3 hounds (D:5)
  An orc wizard (D:4)
  4 iguanas
  7 adders
  3 gnolls
  2 shadow imps
  A white imp (D:6)
  A worm (D:2)
  A dart slug (D:3)
  16 orcs
  2 bats
  8 endoplasms
  3 giant cockroaches
  5 goblins
  6 hobgoblins
  9 kobolds
  3 quokkas
  7 ball pythons
  10 frilled lizards
  A rat (D:2)
  A lurking horror (D:6)
113 creatures vanquished.

Vanquished Creatures (others)
  A lurking horror (D:6)
  3 plants (D:7)
4 creatures vanquished.

Grand Total: 117 creatures vanquished

Notes
Turn   | Place    | Note
-------+----------+-------------------------------------------
     0 | D:1      | MrRokkomies the Armataur Gladiator began the quest for the
                  | Orb.
     0 | D:1      | Reached XP level 1. HP: 18/18 MP: 1/1
   245 | D:1      | Reached XP level 2. HP: 20/25 MP: 2/2
   917 | D:2      | Reached skill level 1 in Armour
  1011 | D:2      | Reached XP level 3. HP: 30/32 MP: 3/3
  1301 | D:2      | Found a faded altar of an unknown god.
  1844 | D:3      | Got the Secrets of Damage Dealing and the Glacier
  1847 | D:3      | Noticed a necrophage
  1860 | D:3      | Killed a necrophage
  1861 | D:3      | Reached XP level 4. HP: 34/39 MP: 4/4
  1989 | D:3      | Noticed Sigmund
  2018 | D:3      | Killed Sigmund
  2019 | D:3      | Reached XP level 5. HP: 36/49 MP: 5/5
  2019 | D:3      | Reached XP level 6. HP: 40/55 MP: 6/6
  2413 | D:4      | Found Peskac's Weapon Boutique.
  3372 | D:5      | Entered Level 5 of the Dungeon
  3482 | D:5      | Reached XP level 7. HP: 51/64 MP: 7/7
  3837 | D:5      | Found a staircase to the Ecumenical Temple.
  3844 | Temple   | Entered the Ecumenical Temple
  3948 | Temple   | Became a worshipper of the Wu Jian Council
  4321 | D:6      | Reached skill level 5 in Unarmed Combat
  4331 | D:6      | Found a snail-covered altar of Cheibriados.
  4353 | D:6      | Found a hide-covered altar of Uskayaw.
  4353 | D:6      | Found a stormy altar of Qazlal.
  4353 | D:6      | Found a glowing silver altar of Zin.
  4353 | D:6      | Found a bloodstained altar of Trog.
  4354 | D:6      | Found a white marble altar of Elyvilon.
  4370 | D:6      | Found a one-way gate to the infinite horrors of the Abyss.
  4371 | D:6      | Found a corrupted altar of Lugonu.
  4570 | D:6      | Fell from the grace of Wu Jian
  4570 | D:6      | Became a worshipper of Lugonu the Unformed
  4570 | D:6      | Reached * piety under Lugonu
  4700 | D:6      | Banished a vorpal rapier
  4700 | D:6      | Banished a great sword of freezing
  4700 | D:6      | Banished a vorpal dire flail
  4700 | D:6      | Banished a dire flail of flaming
  4701 | D:6      | Noticed a +4 rapier of flaming
  4707 | D:6      | Killed a +4 rapier of flaming
  4890 | D:6      | Reached skill level 5 in Fighting
  4921 | D:6      | Banished a dire flail of speed
  4921 | D:6      | Banished a glaive of electrocution
  4922 | D:6      | Noticed a +0 rapier of flaming
  4922 | D:6      | Noticed a +4 rapier of electrocution
  4987 | D:6      | Killed a +4 rapier of electrocution
  5152 | D:7      | Reached skill level 1 in Invocations
  5213 | D:7      | Found Qaog's Antique Armour Boutique.
  5253 | D:7      | Reached XP level 8. HP: 41/72 MP: 7/9
  5681 | D:7      | Found a basalt altar of Yredelemnul.
  5728 | D:7      | Found a broken altar of Ashenzari.
  5962 | D:8      | Noticed a hornet
  6210 | D:7      | Slain by a hornet

Illustrated notes

Levels and vault maps discovered:
D:1:      mrwooster_arrival_arrow, layout_basic, minmay_shallow_snake_nest
D:2:      layout_loops_cross, nicolae_ecumenical_lake_church, minmay_ruptured
D:3:      layout_loops_ring, nicolae_figureground_pulse, uniq_sigmund
D:4:      layout_gridville, serial_shops, nicolae_stop_n_shop_1
D:5:      layout_rooms, minmay_temple_entry_fiery
D:6:      layout_rooms, grunt_temple_overflow_open,
          amcnicky_altar_lugonu_corruption
D:7:      layout_basic, mainiacjoe_overflow_brackets,
          mainiacjoe_overflow_boulevard, serial_shops,
          nicolae_shop_overgrown_old_shop, palyth_stone_intersect,
          hangedman_decor_slide_cut, minmay_misc_feat_doors, kennysheep_potato
D:8:      layout_rooms, lair_entry_dummy
Temple:   hellmonk_temple_forest_ring

Skill      XL: |  1  2  3  4  5  6  7  8 |
---------------+-------------------------+-----
Fighting       | 2 3 4 5 6 |  6.5
Throwing       | 2 3 4 |  4.5
Unarmed Combat | 3 4 5 6 |  6.7
Armour         | 1 2 3 |  3.4
Invocations    | 1 3 |  3.0
Dodging        | |  2.1

Action                   |  1- 3 |  4- 6 |  7- 9 || total
-------------------------+-------+-------+-------++-------
Melee: Unarmed           |   115 |   122 |   234 ||   471
       Tailslap          |     9 |    13 |    48 ||    70
       Punch             |     2 |     4 |     6 ||    12
Evoke: Wand              |       |       |     2 ||     2
  Use: Potion            |       |     1 |     4 ||     5
       Scroll            |       |    10 |     4 ||    14
Armor: Ring mail         |    34 |    59 |    97 ||   190
Dodge: Dodged            |    38 |    54 |   123 ||   215

Table legend: (Time is in decaauts)
 A = Elapsed time spent in this place.
 B = Non-inter-level travel time spent in this place.
 C = Inter-level travel time spent in this place.
 D = Time resting spent in this place.
 E = Time spent auto-exploring this place.
 F = Levels seen in this place.
 G = Mean time per level.
                   A        B        C        D        E       F      G
               +--------+--------+--------+--------+--------+-----+--------+
         Total |   6147 |   5965 |    182 |    619 |   4355 |   9 |  683.0 |
       Dungeon |   6033 |   5865 |    168 |    619 |   4267 |   8 |  754.1 |
        Temple |    113 |     99 |     14 |      0 |     88 |   1 |  113.0 |
               +--------+--------+--------+--------+--------+-----+--------+

Top non-repeatable levels by time:
     D:4: 954 daAuts
     D:7: 946 daAuts
     D:2: 879 daAuts
     D:6: 853 daAuts
     D:3: 786 daAuts
     D:1: 744 daAuts
     D:5: 706 daAuts
     D:8: 162 daAuts
  Temple: 113 daAuts
